[Event "Titled Tuesday Blitz July 11 Early 2023"]
[White "Papayan, Oleg"]
[Black "Goswami, Vedant"]
[WhiteFideId "4193911"]
[BlackFideId "5003725"]
[WhiteElo "2540"]
[BlackElo "2390"]
[Result "0-1"]
[Round "7"]
[TimeControl "180+2"]
[Date "2023.07.11"]
[WhiteClock "0:00:00"]
[BlackClock "0:00:14"]
[Board "105"]

1. d4 Nf6 2. c4 d6 3. Nf3 Nc6 4. d5 Ne5 5. Nxe5 dxe5 6. Nc3 e6 7. e4 Bc5 8. Be2 O-O 9. O-O exd5 10. cxd5 h6 11. Kh1 Bd4 12. f3 Nh5 13. g4 Nf6 14. g5 Nh5 15. f4 Nxf4 16. Bxf4 Bxc3 17. bxc3 exf4 18. gxh6 Qh4 19. hxg7 Re8 20. Bf3 Re5 21. Qe1 Qh6 22. Rg1 Bf5 23. Rd1 Rae8 24. Rd4 Bg6 25. Qb1 Qh3 26. Qf1 Qh6 27. Qg2 Kxg7 28. Qg4 Kf8 29. Qd7 Qh4 30. Qxc7 Qf2 31. Qc5+ Kg7 32. Bg2 f3 33. Bf1 Rh8 34. h3 Reh5 0-1


[Site "https://www.chess.com"]

[Event "Titled Tuesday Blitz July 11 Early 2023"]
[White "Jaskolka, Tomasz"]
[Black "Mejia, Cherry Ann"]
[WhiteFideId "1170791"]
[BlackFideId "5206880"]
[WhiteElo "2539"]
[BlackElo "2388"]
[Result "0-1"]
[Round "7"]
[TimeControl "180+2"]
[Date "2023.07.11"]
[WhiteClock "0:00:07"]
[BlackClock "0:00:46"]
[Board "106"]

1. d4 d5 2. Nc3 Nf6 3. Bf4 a6 4. e3 c5 5. dxc5 Nc6 6. Nf3 Bg4 7. Be2 e6 8. Na4 Bxc5 9. Nxc5 Qa5+ 10. c3 Qxc5 11. O-O O-O 12. Ne5 Bxe2 13. Qxe2 Rac8 14. Rac1 b5 15. Rfd1 Rfd8 16. Qf3 Ne4 17. Nxf7 Rf8 18. Nh6+ gxh6 19. Qg4+ Kh8 20. Qxe6 Rce8 21. Qxh6 Rf6 22. Qh5 Rd8 23. Rc2 b4 24. Rdc1 bxc3 25. bxc3 Rdf8 26. c4 d4 27. Qxc5 Nxc5 28. exd4 Nd3 29. Bg5 Rf5 30. Bh6 R8f6 31. Be3 Nxc1 32. Rxc1 Ra5 33. Rc2 Nb4 34. Re2 Rxa2 35. Re1 Nd3 36. Rd1 Nb2 37. Rb1 Nxc4 38. d5 Nxe3 39. fxe3 Rff2 40. Rb8+ Kg7 41. Rb7+ Kg6 42. d6 Rxg2+ 43. Kf1 Rxh2 44. Kg1 Rhd2 45. Rb1 Rxd6 46. e4 Re6 47. Re1 Ra4 48. e5 Ra5 49. Kh2 Raxe5 50. Rg1+ Rg5 51. Ra1 a5 52. Kh3 Re4 53. Ra3 a4 54. Ra2 Rb4 55. Re2 Kh5 56. Ra2 Rb3+ 57. Kh2 a3 58. Rd2 Rb2 59. Kh1 Rb1+ 60. Kh2 Rgb5 61. Kh3 R5b3+ 62. Kg2 R1b2 63. Rxb2 Rxb2+ 64. Kf3 a2 65. Ke4 a1=Q 66. Kf3 Qa3+ 67. Ke4 Rb4+ 68. Kd5 Qa5+ 69. Kc6 Rb6+ 70. Kd7 Qa7+ 71. Kc8 Rb8# 0-1


[Site "https://www.chess.com"]

[Event "Titled Tuesday Blitz July 11 Early 2023"]
[White "Goldin, Roman"]
[Black "Demin, Vladimir"]
[WhiteFideId "2803860"]
[BlackFideId "4167457"]
[WhiteElo "2387"]
[BlackElo "2537"]
[Result "1-0"]
[Round "7"]
[TimeControl "180+2"]
[Date "2023.07.11"]
[WhiteClock "0:00:54"]
[BlackClock "0:01:25"]
[Board "107"]

1. e4 e5 2. Nf3 Nc6 3. d4 exd4 4. c3 d5 5. exd5 Qxd5 6. Be2 Bg4 7. cxd4 Bb4+ 8. Nc3 Bxf3 9. Bxf3 Qc4 10. Qb3 Qxd4 11. Bxc6+ bxc6 12. O-O Ne7 13. Be3 Qg4 14. h3 Qh4 15. g3 Qxh3 16. Qxb4 h5 17. Rfe1 h4 18. Bg5 O-O-O 19. Rxe7 hxg3 20. Rxc7+ Kxc7 21. Bf4+ Kd7 22. Qd6+ Ke8 23. Re1+ 1-0


[Site "https://www.chess.com"]

[Event "Titled Tuesday Blitz July 11 Early 2023"]
[White "Sidletskyi, Ivan"]
[Black "Harriott, Tyrell"]
[WhiteFideId "14156024"]
[BlackFideId "2086484"]
[WhiteElo "2529"]
[BlackElo "2385"]
[Result "1-0"]
[Round "7"]
[TimeControl "180+2"]
[Date "2023.07.11"]
[WhiteClock "0:00:27"]
[BlackClock "0:00:12"]
[Board "108"]

1. e4 d5 2. exd5 Nf6 3. c4 c6 4. d4 cxd5 5. Nc3 Nc6 6. Nf3 Bf5 7. Qb3 Qb6 8. cxd5 Nxd4 9. Nxd4 Qxd4 10. Be3 Qe5 11. Qxb7 Rd8 12. Bb5+ Bd7 13. O-O g6 14. Bxa7 Bg7 15. Rae1 Qd6 16. b4 Ng4 17. Bxd7+ Rxd7 18. Qc8+ Rd8 19. Qxg4 Bxc3 20. Bc5 Bxe1 21. Bxd6 Rxd6 22. Rxe1 O-O 23. Rxe7 Rxd5 24. g3 Rfd8 25. Re4 f5 26. Qe2 fxe4 27. Qxe4 Kf7 28. a4 Kf6 29. b5 R8d6 30. b6 Re5 31. Qf4+ Ke6 32. b7 Rb6 33. Qc4+ Kf6 34. Qc8 Re1+ 35. Kg2 Reb1 36. Qd8+ Kg7 37. a5 Rxb7 38. a6 Rb8 39. Qe7+ Kh6 40. a7 Ra8 41. Qe4 Rxa7 42. Qxb1 Rf7 43. Qe4 Rf5 44. g4 Rf7 45. f4 Kg7 46. Qe5+ Kg8 47. f5 gxf5 48. gxf5 h6 49. f6 Kh7 50. Qe6 Kg6 51. h4 Rxf6 52. h5+ Kg7 53. Qe7+ Rf7 54. Qe5+ Rf6 55. Kg3 Kf7 56. Kg4 Re6 57. Qc7+ Kf6 58. Qh7 Ke5 59. Qf5+ Kd6 60. Kf4 Ke7 61. Qh7+ Kd6 62. Kf5 Re5+ 63. Kg6 Re6+ 64. Kg7 Re7+ 65. Kxh6 Rxh7+ 66. Kxh7 Ke6 67. Kg7 Kf5 68. h6 Ke6 69. h7 Ke5 70. h8=Q Ke6 71. Qh6+ Ke5 72. Qh4 Kd5 73. Qf4 Ke6 74. Qg5 Kd6 75. Qf5 Kc6 76. Qe5 Kd7 77. Qf6 Kc7 78. Qe6 Kb7 79. Qd6 Kc8 80. Qe7 Kb8 81. Kf6 Kc8 82. Ke6 Kb8 83. Kd6 Ka8 84. Kc6 1-0


[Site "https://www.chess.com"]

[Event "Titled Tuesday Blitz July 11 Early 2023"]
[White "Bilan, Danila"]
[Black "Ahn, Hongjin"]
[WhiteFideId "24161918"]
[BlackFideId "13201492"]
[WhiteElo "2524"]
[BlackElo "2383"]
[Result "1-0"]
[Round "7"]
[TimeControl "180+2"]
[Date "2023.07.11"]
[WhiteClock "0:00:08"]
[BlackClock "0:00:01"]
[Board "109"]

1. d4 d6 2. Nf3 Nf6 3. g3 g6 4. Bg2 Bg7 5. O-O O-O 6. c4 c6 7. Nc3 Qa5 8. h3 e5 9. dxe5 dxe5 10. Qc2 Bf5 11. e4 Be6 12. b3 Na6 13. Be3 h6 14. a3 Qc7 15. Na4 b6 16. b4 Rfd8 17. Rad1 Kh7 18. c5 b5 19. Nb2 Nh5 20. Nh2 Qc8 21. Rxd8 Qxd8 22. Rd1 Qc8 23. h4 Nc7 24. Nd3 a5 25. Nf3 a4 26. Ndxe5 Bb3 27. Qc1 Bxd1 28. Qxd1 Qe6 29. Bd4 Rd8 30. Qa1 Nf6 31. Kh2 Nfe8 32. Bh3 Qe7 33. Nxc6 Qxe4 34. Nxd8 Qxf3 35. Bxg7 Nxg7 36. Qe1 Nd5 37. Bg2 Qd3 38. Bxd5 Qxd5 39. Qe7 Nf5 40. Qxf7+ Qxf7 41. Nxf7 Nd4 42. c6 Nxc6 43. Nd6 Nxb4 44. Nxb5 Nc2 45. Nc3 Nxa3 46. Nxa4 Kg7 47. Nc3 Nc4 48. Kg2 Kf6 49. Kf3 Ne5+ 50. Ke4 Nf7 51. Nd5+ Kg7 52. Ne3 Kf6 53. Ng4+ Kg7 54. Ne5 Nd6+ 55. Kd5 Ne8 56. g4 Nf6+ 57. Ke6 Ne4 58. f4 Nf2 59. f5 gxf5 60. gxf5 Ne4 61. Ng4 h5 62. f6+ Kg6 63. Ne5+ Kh6 64. f7 Nc5+ 65. Ke7 Kh7 66. f8=Q 1-0


[Site "https://www.chess.com"]

[Event "Titled Tuesday Blitz July 11 Early 2023"]
[White "Seletsky, Grigory"]
[Black "Turzo, Attila"]
[WhiteFideId "14112191"]
[BlackFideId "704954"]
[WhiteElo "2381"]
[BlackElo "2519"]
[Result "0-1"]
[Round "7"]
[TimeControl "180+2"]
[Date "2023.07.11"]
[WhiteClock "0:00:00"]
[BlackClock "0:00:12"]
[Board "110"]

1. c4 Nf6 2. Nc3 g6 3. e4 d6 4. d4 Bg7 5. f3 O-O 6. Be3 b6 7. Qd2 c5 8. Nge2 Ba6 9. b3 Nc6 10. d5 Ne5 11. Rc1 e6 12. Ng3 exd5 13. Nxd5 Nxd5 14. Qxd5 Qe7 15. Be2 Bb7 16. Qd2 Nc6 17. O-O Nd4 18. Bd3 Rae8 19. Rce1 a6 20. Ne2 Nxe2+ 21. Rxe2 Bc6 22. Rd1 b5 23. Qa5 Qb7 24. Bc2 Rd8 25. Red2 Be5 26. f4 Bg7 27. Rxd6 Rxd6 28. Rxd6 Bxe4 29. Qd2 bxc4 30. bxc4 Bxc2 31. Qxc2 Re8 32. Bf2 Qb4 33. g3 h5 34. Kg2 Qb7+ 35. Rd5 h4 36. Qd3 Bd4 37. Bxd4 cxd4 38. Qxd4 Qb1 39. Qd2 Re1 40. Rd8+ Kh7 41. Qd3 Qxa2+ 42. Kh3 Re2 43. Kxh4 Rxh2+ 44. Kg4 Qg2 45. Qd2 f5+ 46. Kg5 Qxg3+ 47. Kf6 Rxd2 48. Rxd2 Qc3+ 49. Kf7 Qxd2 0-1


[Site "https://www.chess.com"]

[Event "Titled Tuesday Blitz July 11 Early 2023"]
[White "Rodriguez Santiago, Jaime"]
[Black "Chor, Kevin"]
[WhiteFideId "3100898"]
[BlackFideId "2090740"]
[WhiteElo "2367"]
[BlackElo "2517"]
[Result "1-0"]
[Round "7"]
[TimeControl "180+2"]
[Date "2023.07.11"]
[WhiteClock "0:00:05"]
[BlackClock "0:00:02"]
[Board "111"]

1. c4 c5 2. Nc3 Nc6 3. g3 Nf6 4. Bg2 g6 5. e4 Bg7 6. Nge2 O-O 7. O-O Rb8 8. d3 a6 9. a4 Ne8 10. Be3 d6 11. h3 e5 12. Nd5 Nc7 13. Nec3 Nd4 14. Nxc7 Qxc7 15. Nd5 Qd8 16. Rb1 b5 17. axb5 axb5 18. b4 Ba6 19. cxb5 Bxb5 20. bxc5 dxc5 21. Qd2 Bd7 22. Bg5 f6 23. Be3 Bxh3 24. Qa2 Be6 25. Bxd4 cxd4 26. Rxb8 Qxb8 27. Ne7+ Kf7 28. Nd5 Qa8 29. Qd2 Rb8 30. Rc1 Rc8 31. Rb1 Qc6 32. Kh2 h5 33. Qa5 Ra8 34. Qb4 Re8 35. Qa3 Bf8 36. Qa7+ Be7 37. Rb7 Qd6 38. Rb6 Qc5 39. Nc7 Bd7 40. Nd5 Be6 41. Qb7 Bxd5 42. exd5 Kf8 43. d6 Bxd6 44. Bd5 Re7 45. Qa8+ Re8 46. Qb7 Qc7 47. Qa6 Be7 48. Rxf6+ Kg7 49. Rxg6+ Kf8 50. Rg8# 1-0


[Site "https://www.chess.com"]

[Event "Titled Tuesday Blitz July 11 Early 2023"]
[White "Dubreuil, Julien"]
[Black "Yeritsyan, Hayk"]
[WhiteFideId "621285"]
[BlackFideId "13307320"]
[WhiteElo "2365"]
[BlackElo "2516"]
[Result "0-1"]
[Round "7"]
[TimeControl "180+2"]
[Date "2023.07.11"]
[WhiteClock "0:00:06"]
[BlackClock "0:00:28"]
[Board "112"]

1. e4 c6 2. Nf3 d5 3. exd5 cxd5 4. Ne5 Nc6 5. d4 Nf6 6. Bb5 Bd7 7. Nxd7 Qxd7 8. c3 e6 9. O-O Bd6 10. Nd2 O-O 11. Re1 Qc7 12. g3 a6 13. Bd3 b5 14. Nf3 b4 15. Ne5 Nxe5 16. dxe5 Bxe5 17. Rxe5 Qxe5 18. Bf4 Qh5 19. Be2 Qg6 20. Bd3 Qg4 21. Be2 Qf5 22. Bd3 Ne4 23. f3 e5 24. Be3 Rfd8 25. cxb4 Qe6 26. a4 Nf6 27. Bb6 Rdc8 28. a5 e4 29. Be2 exf3 30. Bxf3 Ne4 31. Qd3 f5 32. Rd1 Rc4 33. Qxd5 Qxd5 34. Rxd5 g6 35. Bc5 Nxc5 36. bxc5 Rc8 37. b4 Rxb4 38. c6 Rb3 39. Bg2 Rb5 40. Rd7 Rxa5 41. Bd5+ Rxd5 42. Rxd5 Rxc6 43. h4 Kg7 44. Rd7+ Kh6 45. Kf2 Rc2+ 46. Kf3 Ra2 47. g4 Ra3+ 48. Kf4 Ra4+ 49. Ke5 Rxg4 50. Kf6 Rxh4 51. Ra7 Ra4 52. Ke5 f4 53. Rf7 Kg5 54. Rxh7 Kg4 55. Rg7 g5 56. Kf6 Ra5 57. Kg6 Rf5 58. Ra7 f3 59. Rxa6 f2 60. Ra4+ Rf4 0-1


[Site "https://www.chess.com"]

[Event "Titled Tuesday Blitz July 11 Early 2023"]
[White "FromTexas54"]
[Black "Lopez Del Alamo, Antonio"]
[BlackFideId "2227339"]
[WhiteElo "2513"]
[BlackElo "2337"]
[Result "1-0"]
[Round "7"]
[TimeControl "180+2"]
[Date "2023.07.11"]
[WhiteClock "0:01:04"]
[BlackClock "0:00:18"]
[Board "113"]

1. Nf3 g6 2. g3 Bg7 3. Bg2 Nf6 4. O-O O-O 5. d4 d6 6. c4 c6 7. Nc3 Qa5 8. Re1 e5 9. e4 exd4 10. Nxd4 Nbd7 11. Bd2 Ne5 12. b3 Qc5 13. Nc2 Bg4 14. Qb1 Nf3+ 15. Bxf3 Bxf3 16. Be3 Qh5 17. Nd4 Nxe4 18. Nxe4 Bxd4 19. Bxd4 f5 20. Nd2 Rfe8 21. Nxf3 Qxf3 22. Rxe8+ Rxe8 23. Qd1 Qe4 24. Be3 d5 25. cxd5 cxd5 26. Rc1 Qe6 27. Qd4 b6 28. Rc7 Re7 29. Rxe7 Qxe7 30. Qxd5+ Kg7 31. Bd4+ Kh6 32. Be3+ Kg7 33. h4 Qa3 34. Qd7+ Kg8 35. Qd8+ Kf7 36. Qd7+ Kg8 37. Qe8+ Kg7 38. Bd4+ Kh6 39. Qe3+ Kh5 40. Qg5# 1-0


[Site "https://www.chess.com"]

[Event "Titled Tuesday Blitz July 11 Early 2023"]
[White "Andreassen, Lars"]
[Black "Dushyant Sharma"]
[WhiteFideId "1504878"]
[BlackFideId "25065130"]
[WhiteElo "2336"]
[BlackElo "2512"]
[Result "1-0"]
[Round "7"]
[TimeControl "180+2"]
[Date "2023.07.11"]
[WhiteClock "0:00:27"]
[BlackClock "0:00:28"]
[Board "114"]

1. d4 d5 2. Nf3 e6 3. Bg5 Be7 4. Bxe7 Qxe7 5. c3 f5 6. Nbd2 Nf6 7. e3 O-O 8. Bd3 c5 9. O-O Nc6 10. a4 e5 11. dxe5 Nxe5 12. Nxe5 Qxe5 13. Nf3 Qe7 14. Qc2 Ne4 15. c4 dxc4 16. Bxc4+ Kh8 17. Rad1 Be6 18. Bxe6 Qxe6 19. Rd3 Rac8 20. Rfd1 a6 21. Rd7 b5 22. axb5 axb5 23. Rb7 Nd6 24. Rb6 Rfd8 25. Ng5 Qg6 26. f4 Kg8 27. Qd2 h6 28. Qd5+ Kh8 29. Rxd6 Rxd6 30. Qxd6 Qxd6 31. Nf7+ Kg8 32. Nxd6 Rd8 33. Kf2 g6 34. Ke2 Ra8 35. Nxb5 Rb8 36. Nc7 Rxb2+ 37. Rd2 Rb7 38. Ne6 c4 39. Rc2 Kf7 40. Nd8+ 1-0


[Site "https://www.chess.com"]

[Event "Titled Tuesday Blitz July 11 Early 2023"]
[White "Magallanes, Rey Jomar"]
[Black "Lehtosaari, Mauri"]
[WhiteFideId "5205948"]
[BlackFideId "501999"]
[WhiteElo "2287"]
[BlackElo "2509"]
[Result "0-1"]
[Round "7"]
[TimeControl "180+2"]
[Date "2023.07.11"]
[WhiteClock "0:01:18"]
[BlackClock "0:00:36"]
[Board "115"]

1. e4 d5 2. exd5 Qxd5 3. Nf3 Bg4 4. Be2 Nc6 5. d4 e5 6. c4 Qe4 7. Nc3 Bb4 8. O-O Bxc3 9. bxc3 Nge7 10. Re1 O-O-O 11. d5 Bxf3 12. Bxf3 Qxc4 13. Qc2 Nxd5 14. Bg5 f6 15. Be3 Nxe3 16. Rxe3 Nd4 17. Qb2 Nxf3+ 18. Rxf3 Rd7 19. Rb1 b6 20. h3 Rhd8 21. Re3 Rd2 22. Qa3 Qxa2 23. Qc1 Rxf2 24. Rg3 g5 25. Ra1 Qd2 26. Qb1 Kb8 27. c4 Qf4 28. Rga3 Rdd2 29. Rg3 Qxg3 30. Qe4 Rxg2+ 0-1


[Site "https://www.chess.com"]

[Event "Titled Tuesday Blitz July 11 Early 2023"]
[White "Tsyhanchuk, Stanislav"]
[Black "Reprintsev, Alexander"]
[WhiteFideId "13505130"]
[BlackFideId "14100541"]
[WhiteElo "2282"]
[BlackElo "2508"]
[Result "1-0"]
[Round "7"]
[TimeControl "180+2"]
[Date "2023.07.11"]
[WhiteClock "0:00:09"]
[BlackClock "0:00:11"]
[Board "116"]

1. e4 d5 2. exd5 Qxd5 3. Nc3 Qa5 4. g3 Nc6 5. Bg2 Nf6 6. Nge2 Bg4 7. O-O Qh5 8. f3 Bd7 9. d4 e5 10. dxe5 Qxe5 11. Nf4 O-O-O 12. Qe2 Bc5+ 13. Kh1 Rhe8 14. Qxe5 Nxe5 15. b3 Bd4 16. Bb2 g5 17. Nfe2 Be3 18. Bc1 Bxc1 19. Raxc1 Bc6 20. f4 Bxg2+ 21. Kxg2 Neg4 22. Kg1 Ne3 23. Rfe1 g4 24. Nd1 Nf5 25. Nf2 h5 26. Kf1 Nd5 27. c4 Nb4 28. Nc3 Ne3+ 29. Kg1 c6 30. Nce4 Nec2 31. Nd6+ Rxd6 32. Rxe8+ Kd7 33. Re2 Nd4 34. Rb2 Nf3+ 35. Kg2 a5 36. Ne4 Nd3 37. Nxd6 Nxc1 38. Ne4 Nd3 39. Re2 f5 40. Nd2 Nfe1+ 41. Kf1 Nc2 42. Nb1 Ncb4 43. Nc3 b6 44. a3 Na6 45. Rd2 Nc5 46. b4 axb4 47. axb4 Ke6 48. bxc5 Nxc5 49. Re2+ Kd6 50. Re5 Nb3 51. Rxf5 Nd2+ 52. Ke2 Nxc4 53. Rxh5 b5 54. Nxb5+ cxb5 55. Rxb5 Ke6 56. Rg5 Nd6 57. Rxg4 Ne4 58. Kf3 Nd2+ 59. Kg2 Kf5 60. Rg5+ Kf6 61. h4 1-0


[Site "https://www.chess.com"]

[Event "Titled Tuesday Blitz July 11 Early 2023"]
[White "Osmak, Yuliia"]
[Black "Onslow, Alfie"]
[WhiteFideId "14101602"]
[BlackFideId "436976"]
[WhiteElo "2507"]
[BlackElo "2277"]
[Result "1-0"]
[Round "7"]
[TimeControl "180+2"]
[Date "2023.07.11"]
[WhiteClock "0:01:07"]
[BlackClock "0:00:11"]
[Board "117"]

1. e4 c5 2. Nf3 Nc6 3. Bb5 g6 4. O-O Bg7 5. Bxc6 dxc6 6. d3 Nf6 7. h3 O-O 8. Bd2 b5 9. a4 Qc7 10. Bc3 Rd8 11. Nbd2 a6 12. axb5 cxb5 13. Ba5 Qd7 14. Bxd8 Qxd8 15. Ra2 Nd7 16. Qe2 Nb6 17. e5 Be6 18. b3 a5 19. Raa1 Qc7 20. Rfe1 Nd5 21. Ne4 Bf5 22. c4 Bxe4 23. Qxe4 Nb6 24. cxb5 Qd7 25. Qc6 Qxc6 26. bxc6 e6 27. Rec1 Bf8 28. Nd2 Nd5 29. Ne4 Nf4 30. Rd1 Ne2+ 31. Kf1 Nd4 32. c7 Nxb3 33. Rab1 a4 34. Nd6 Bxd6 35. exd6 1-0


[Site "https://www.chess.com"]

[Event "Titled Tuesday Blitz July 11 Early 2023"]
[White "Kiselev, Pavel"]
[Black "Brunner, Nicolas"]
[WhiteFideId "4191102"]
[BlackFideId "620246"]
[WhiteElo "2268"]
[BlackElo "2500"]
[Result "0-1"]
[Round "7"]
[TimeControl "180+2"]
[Date "2023.07.11"]
[WhiteClock "0:00:00"]
[BlackClock "0:00:03"]
[Board "118"]

1. Nf3 c5 2. c4 Nc6 3. d4 cxd4 4. Nxd4 Nf6 5. g3 e5 6. Nxc6 bxc6 7. Bg2 Bb4+ 8. Bd2 Bxd2+ 9. Qxd2 d5 10. cxd5 cxd5 11. Nc3 Bb7 12. O-O O-O 13. Rad1 e4 14. e3 Qe7 15. Rfe1 Rfc8 16. Ne2 Qe5 17. Nd4 h5 18. Qb4 Rab8 19. Qa3 Ba8 20. b3 Rc7 21. Qa5 g6 22. Rc1 Rbc8 23. Rxc7 Qxc7 24. Qxc7 Rxc7 25. Rd1 a6 26. h4 Kf8 27. Kf1 Ke7 28. Ke2 Ng4 29. Rd2 Ne5 30. Rc2 Rxc2+ 31. Nxc2 Kd6 32. Nd4 Nd3 33. a3 a5 34. f3 Kc5 35. Kd2 Ne5 36. fxe4 dxe4 37. Kc3 Ng4 38. b4+ axb4+ 39. axb4+ Kd5 40. Nc2 Bc6 41. Bf1 Ba4 42. Bc4+ Ke5 43. Ne1 Nxe3 44. Bxf7 Kf6 45. Ba2 Nf5 46. Bb1 Ke5 47. Kc4 Nxg3 48. Ng2 Nf5 49. Kc5 Be8 0-1


[Site "https://www.chess.com"]

[Event "Titled Tuesday Blitz July 11 Early 2023"]
[White "Tokhirjonova, Gulrukhbegim"]
[Black "SicilianPanzer"]
[WhiteFideId "14203626"]
[WhiteElo "2498"]
[BlackElo "2239"]
[Result "0-1"]
[Round "7"]
[TimeControl "180+2"]
[Date "2023.07.11"]
[WhiteClock "0:00:12"]
[BlackClock "0:00:09"]
[Board "119"]

1. e4 e6 2. d4 d5 3. e5 c5 4. c3 Qb6 5. Nf3 Nc6 6. a3 Bd7 7. b4 cxd4 8. cxd4 Rc8 9. Bb2 Nge7 10. Nc3 Na5 11. Na4 Qc6 12. Nc5 Nc4 13. Bc3 b6 14. Nxd7 Qxd7 15. Bd3 Ng6 16. O-O Ncxe5 17. dxe5 Rxc3 18. Nd4 Rxd3 19. Qxd3 Nxe5 20. Qe2 Bd6 21. f4 Nc4 22. f5 e5 23. f6 gxf6 24. Rxf6 Qe7 25. Rxd6 Qxd6 26. Rf1 O-O 27. Nf5 Qf6 28. Qf3 e4 29. Qf4 Kh8 30. Qc7 Rg8 31. g3 Qe6 32. Nd4 Qe5 33. Nc6 Qxc7 0-1


[Site "https://www.chess.com"]

[Event "Titled Tuesday Blitz July 11 Early 2023"]
[White "AlivodicDario"]
[Black "Tagliata"]
[WhiteElo "2495"]
[BlackElo "2224"]
[Result "1-0"]
[Round "7"]
[TimeControl "180+2"]
[Date "2023.07.11"]
[WhiteClock "0:02:09"]
[BlackClock "0:01:51"]
[Board "120"]

1. d4 d5 2. c4 e6 3. Nf3 Nf6 4. Nc3 a6 5. cxd5 exd5 6. Bg5 c6 7. e3 h6 8. Bh4 Be7 9. Bd3 O-O 10. h3 Re8 11. Qc2 Ne4 12. Bxe7 Qxe7 13. Bxe4 dxe4 14. Nd2 Bf5 15. g4 Bh7 16. h4 Nd7 17. O-O-O a5 18. g5 h5 19. Kb1 Bg6 20. Ne2 Qd6 21. Nf4 b5 22. Rc1 Rac8 23. Nb3 a4 24. Nc5 Nb6 25. Qe2 Nd5 26. Nxh5 a3 27. b3 b4 28. Ng3 Nc3+ 29. Rxc3 bxc3 30. h5 Bh7 31. h6 Bg6 32. hxg7 Kxg7 33. Rh6 Rh8 34. Nf5+ 1-0


[Site "https://www.chess.com"]

[Event "Titled Tuesday Blitz July 11 Early 2023"]
[White "Roque Sola, Gisela"]
[Black "Camacho Collados, Marcos"]
[WhiteFideId "5120241"]
[BlackFideId "2266237"]
[WhiteElo "2174"]
[BlackElo "2495"]
[Result "0-1"]
[Round "7"]
[TimeControl "180+2"]
[Date "2023.07.11"]
[WhiteClock "0:00:00"]
[BlackClock "0:00:07"]
[Board "121"]

1. e4 g6 2. d4 Bg7 3. Nc3 a6 4. Be3 b5 5. Qd2 Bb7 6. f3 b4 7. Nce2 a5 8. h4 h5 9. Nh3 d6 10. O-O-O Nd7 11. Kb1 Ba6 12. Nc1 Bxf1 13. Rhxf1 Ngf6 14. Ng5 O-O 15. Qe2 a4 16. g4 Qb8 17. gxh5 Nxh5 18. f4 b3 19. cxb3 axb3 20. a3 Ng3 21. Qd3 Nxf1 22. Rxf1 c5 23. f5 gxf5 24. exf5 Nf6 25. Rg1 c4 26. Qxc4 Qc8 27. Qxb3 Rb8 28. Qd3 Nd5 29. f6 Nxf6 30. h5 Qb7 31. b3 Kh8 32. h6 Bxh6 33. Qf5 Qd5 34. Qh3 Rxb3+ 35. Nxb3 Qxb3+ 36. Kc1 Qc3+ 37. Kd1 Qd3+ 38. Ke1 Qb1+ 39. Kf2 Qc2+ 40. Kf3 Qg6 41. Ke2 Rb8 42. Nf3 Qc2+ 43. Nd2 Qh7 44. Rh1 Ng8 45. Bxh6 Nxh6 46. Qxh6 Qxh6 47. Rxh6+ Kg7 48. Rh3 f5 49. Rb3 Ra8 50. Rb7 Kf6 51. Rb3 Rh8 52. a4 Ra8 53. Ra3 Ke6 54. a5 Ra6 55. Kd3 Kd5 56. Nc4 e5 57. Nb6+ Kc6 58. dxe5 dxe5 59. Nc4 Kd5 60. Ra4 f4 61. Nd2 Ke6 62. Ne4 Kf5 63. Nc5 Rd6+ 64. Kc4 Rd4+ 65. Kb5 Rd1 66. a6 Rd8 67. a7 Ra8 68. Kc6 f3 69. Kb7 Rd8 0-1


[Site "https://www.chess.com"]

[Event "Titled Tuesday Blitz July 11 Early 2023"]
[White "Sailer, Mike"]
[Black "Womacka, Mathias"]
[WhiteFideId "2012901"]
[BlackFideId "4611390"]
[WhiteElo "2161"]
[BlackElo "2492"]
[Result "0-1"]
[Round "7"]
[TimeControl "180+2"]
[Date "2023.07.11"]
[WhiteClock "0:00:58"]
[BlackClock "0:01:50"]
[Board "122"]

1. d4 Nf6 2. Nc3 d5 3. Bf4 a6 4. e3 e6 5. Nf3 c5 6. Ne5 Nc6 7. g4 cxd4 8. exd4 Bb4 9. Bg2 Ne4 10. Bxe4 dxe4 11. Nxc6 bxc6 12. Qe2 Qxd4 13. Rd1 Bxc3+ 14. bxc3 Qxc3+ 15. Bd2 Qxc2 16. Rc1 Qd3 17. Rxc6 O-O 18. Be3 e5 19. Qb2 Bxg4 20. Rc3 Qd1# 0-1


[Site "https://www.chess.com"]

[Event "Titled Tuesday Blitz July 11 Early 2023"]
[White "Nagare Kaivalya Sandip"]
[Black "Avila Jimenez, Xavier"]
[WhiteFideId "25957929"]
[BlackFideId "2210533"]
[WhiteElo "2655"]
[BlackElo "2423"]
[Result "0-1"]
[Round "7"]
[TimeControl "180+2"]
[Date "2023.07.11"]
[WhiteClock "0:01:29"]
[BlackClock "0:00:51"]
[Board "123"]

1. e4 d5 2. exd5 Qxd5 3. Nc3 Qd6 4. d4 Nf6 5. Nf3 c6 6. Bc4 Bg4 7. O-O Bxf3 8. Qxf3 Qxd4 9. Bb3 Nbd7 10. Rd1 Qb4 11. Bg5 e6 12. a3 Qa5 13. Bd2 Qh5 14. Qg3 Be7 15. Qc7 O-O 16. Bf4 Bc5 17. Rxd7 Nxd7 18. Qxd7 Rad8 19. Qxb7 Bd4 20. h3 Qf5 21. Bg3 Qg5 22. Kh2 h5 23. h4 Qc5 24. Ne4 Qf5 25. Nd6 Qf6 26. Qxc6 Bxf2 27. Bxf2 Qxf2 28. Nc4 Rd4 0-1


[Site "https://www.chess.com"]

[Event "Titled Tuesday Blitz July 11 Early 2023"]
[White "Melikhov, Evgeny V."]
[Black "Liyanage, Ranindu Dilshan"]
[WhiteFideId "4122046"]
[BlackFideId "9915834"]
[WhiteElo "2422"]
[BlackElo "2636"]
[Result "0-1"]
[Round "7"]
[TimeControl "180+2"]
[Date "2023.07.11"]
[WhiteClock "0:00:15"]
[BlackClock "0:00:48"]
[Board "124"]

1. d4 Nf6 2. c4 e6 3. Nc3 d5 4. cxd5 exd5 5. Bg5 Bb4 6. e3 h6 7. Bh4 g5 8. Bg3 Ne4 9. Ne2 h5 10. f3 Nxg3 11. Nxg3 Qe7 12. Qd3 h4 13. Nf5 Bxf5 14. Qxf5 Qxe3+ 15. Be2 Nc6 16. Rd1 Nxd4 17. Rxd4 Qxd4 18. Qxg5 c6 19. a3 Bxc3+ 20. bxc3 Qxc3+ 21. Kd1 Qa1+ 22. Kd2 Qb2+ 23. Kd3 Qxa3+ 24. Kc2 Qe7 25. Qd2 O-O-O 26. Re1 Qc5+ 27. Kb2 Rhe8 28. Bd3 Qd4+ 29. Kc2 Qc5+ 30. Kb2 Rxe1 31. Qxe1 Qd4+ 32. Kc2 c5 33. Qe7 Qa4+ 34. Kc1 Qd7 35. Qe5 Qc7 36. Bf5+ Kb8 37. Qf6 d4 38. Bd3 c4 0-1


[Site "https://www.chess.com"]

[Event "Titled Tuesday Blitz July 11 Early 2023"]
[White "Fule, Simon"]
[Black "Bobkov, Vadim"]
[WhiteFideId "787515"]
[BlackFideId "34110876"]
[WhiteElo "2405"]
[BlackElo "2621"]
[Result "1/2-1/2"]
[Round "7"]
[TimeControl "180+2"]
[Date "2023.07.11"]
[WhiteClock "0:01:07"]
[BlackClock "0:01:53"]
[Board "125"]

1. e4 c5 2. Nf3 g6 3. d4 cxd4 4. Nxd4 Nc6 5. c4 d6 6. Nc3 Bg7 7. Be3 Qb6 8. Nd5 Qxb2 9. Rb1 Qxa2 10. Ra1 Qb2 11. Rb1 Qa2 12. Ra1 Qb2 13. Rb1 Qa2 1/2-1/2


[Site "https://www.chess.com"]

[Event "Titled Tuesday Blitz July 11 Early 2023"]
[White "Janaszak, Dawid"]
[Black "Herman, Matthew"]
[WhiteFideId "1119206"]
[BlackFideId "2028964"]
[WhiteElo "2571"]
[BlackElo "2401"]
[Result "0-1"]
[Round "7"]
[TimeControl "180+2"]
[Date "2023.07.11"]
[WhiteClock "0:00:59"]
[BlackClock "0:00:10"]
[Board "126"]

1. d4 Nf6 2. Nc3 d5 3. Bf4 a6 4. e3 Bf5 5. f3 h5 6. Bd3 Bxd3 7. cxd3 e6 8. Qb3 b6 9. Rc1 Bd6 10. Nge2 h4 11. O-O Bxf4 12. Nxf4 Qd6 13. h3 Nbd7 14. Rf2 O-O 15. Qd1 c5 16. dxc5 bxc5 17. Rfc2 d4 18. Ne4 Qe5 19. Qe1 dxe3 20. Qxh4 Nxe4 21. fxe4 g5 22. Qh5 Qxf4 23. Rf1 Qe5 24. Rf3 Qg7 25. Rg3 f6 26. Qg4 f5 27. exf5 exf5 28. Qc4+ Rf7 29. Qd5 Re8 30. h4 g4 31. Rc4 e2 0-1


[Site "https://www.chess.com"]